 Dungeon Crawl Stone Soup version 0.29-a0-360-g8ed1089bbe (webtiles) character file.

Game seed: 2615450941169045062

179 klau3 the Slasher (level 5, -1/47 HPs)
             Began as a Minotaur Berserker on Apr 28, 2022.
             Was a Believer of Trog.
             Slain by a kobold brigand
             ... wielding a +1 dagger of speed
              (4 damage)
             ... on level 3 of the Dungeon.
             The game lasted 00:07:31 (3575 turns).

klau3 the Slasher (Minotaur Berserker)              Turns: 3575, Time: 00:07:31

Health: -1/47      AC:  9    Str: 23    XL:     5   Next: 32%
Magic:  4/4        EV:  9    Int:  4    God:    Trog [**....]
Gold:   43         SH:  0    Dex: 16    Spells: 4/4 levels left

rFire   . . .      SeeInvis .   p - +4 spear (vorpal)
rCold   . . .      Faith    .   (no shield)
rNeg    . . .      Spirit   .   j - +0 chain mail
rPois   .          Reflect  .   (helmet restricted)
rElec   .          Harm     .   (no cloak)
rCorr   .          Rampage  .   (no gloves)
Will    +....                   (no boots)
Stlth   ..........              (no amulet)
HPRegen 0.15/turn               m - +6 ring of dexterity
MPRegen 0.09/turn               d - ring of willpower

@: no status effects
A: horns 2, retaliatory headbutt
a: Renounce Religion, Berserk, Trog's Hand


You were on level 3 of the Dungeon.
You worshipped Trog.
Trog was pleased with you.
You visited 1 branch of the dungeon, and saw 3 of its levels.

You collected 43 gold pieces.

Inventory:

Hand Weapons
 a - a +0 falchion
 p - a +4 vorpal spear (weapon)
 r - a +4 mace of protection
Missiles
 c - 4 poisoned darts (quivered)
Armour
 b - a +0 animal skin
 j - a +0 chain mail (worn)
Jewellery
 d - a ring of willpower (right hand)
 k - a ring of protection from cold
 m - a +6 ring of dexterity (left hand)
Scrolls
 f - 2 scrolls of identify {unknown}
 g - a scroll of summoning {unknown}
 i - 2 scrolls of vulnerability {unknown}
 o - 4 scrolls of teleportation {unknown}
 s - a scroll of fog {unknown}
Potions
 e - 2 potions of curing {unknown}
 h - a potion of degeneration {unknown}
 l - 2 potions of might {unknown}
 n - a potion of resistance {unknown}
 q - a potion of lignification {unknown}


   Skills:
 + Level 4.7 Fighting
 + Level 5.0 Long Blades
 + Level 1.0 Polearms
 + Level 4.0 Armour
 + Level 2.9 Dodging
 + Level 0.5 Stealth


You had 4 spell levels left.
You didn't know any spells.
Your spell library contained the following spells:

 Spells                   Type           Power      Damage    Failure   Level
 Hailstorm                Conj/Ice       0%         3d3       100%        4
 Ice Form                 Ice/Tmut       0%         N/A       100%        4
 Simulacrum               Ice/Necr       0%         N/A       100%        6


Dungeon Overview and Level Annotations

Branches:
Dungeon (3/15)

Altars:

Annotations:
D:2 1 runed translucent door, Crazy Yiuf


Innate Abilities, Weirdness & Mutations

You have a pair of horns on your head.
You reflexively headbutt those who attack you in melee.


Message History

You feel very sick.
A kobold comes into view. It is wielding a +0 dagger.
You see here a +0 dagger.
You feel sick.
The kobold shouts!
The kobold brigand barely misses you.
You see here a +0 club.
You closely miss the kobold brigand.
You feel sick.
The kobold brigand hits you but does no damage.
You hit the kobold brigand but do no damage.
Your headbutt misses the kobold brigand.
You feel sick.
The kobold brigand hits you with a +1 dagger of speed. x2
You closely miss the kobold brigand.
You feel sick.
The kobold brigand hits you but does no damage.
You barely miss the kobold brigand.
Your headbutt misses the kobold brigand.
You feel sick. The kobold brigand barely misses you.
The kobold brigand misses you.
You puncture the kobold brigand!
The kobold brigand is moderately wounded.
You feel sick.
The kobold brigand hits you but does no damage.
The kobold hits you with a +0 dagger.
* * * LOW HITPOINT WARNING * * *
The kobold brigand hits you with a +1 dagger of speed.
* * * LOW HITPOINT WARNING * * *
You closely miss the kobold brigand. You headbutt the kobold brigand.
The kobold brigand is heavily wounded.
You feel sick.
The kobold brigand hits you but does no damage.
The kobold hits you with a +0 dagger.
* * * LOW HITPOINT WARNING * * *
Unknown command.
You hit the kobold brigand.
The kobold brigand is severely wounded.
You feel sick.
You are no longer poisoned.
The kobold brigand hits you with a +1 dagger of speed.
You die...

### .....#.. ####..
#....#.. ..#...
#.##.#.. #$....
##.##≈#..##
#...#.##..#.≈##.(#
...#........≈≈#.(##
............≈≈##..#
..##...))..≈≈≈≈#KK#
.##.......≈≈≈≈#@.#
..........)≈≈≈≈#).#
###.........≈≈##..#
##....<.†)≈≈#.)##
#........)≈#..#
#..........#..#
...#.#...##.....#
....................w.
.....>#####...#.####..


You could see a kobold brigand and a kobold.

Vanquished Creatures
  A kobold brigand (D:3)
  Robin (D:2)
  3 adders (D:2)
  A worm (D:3)
  2 dart slugs
  3 ball pythons
  3 bats
  6 endoplasms
  A giant cockroach (D:1)
  6 hobgoblins
  9 jackals
  6 quokkas
  A frilled lizard (D:2)
  5 goblins
  10 kobolds
  3 rats
61 creatures vanquished.

Notes
Turn   | Place    | Note
-------+----------+-------------------------------------------
     0 | D:1      | klau3 the Minotaur Berserker began the quest for the Orb.
     0 | D:1      | Reached XP level 1. HP: 19/19 MP: 0/0
   170 | D:1      | HP: 1/20 [hobgoblin (1)]
   499 | D:1      | Reached skill level 4 in Long Blades
   499 | D:1      | Reached XP level 2. HP: 21/27 MP: 1/1
  1438 | D:1      | Reached XP level 3. HP: 10/33 MP: 2/2
  2164 | D:2      | Noticed Robin
  2165 | D:2      | Reached ** piety under Trog
  2171 | D:2      | Killed Robin
  2449 | D:2      | Reached XP level 4. HP: 33/41 MP: 3/3
  3150 | D:2      | Found a runed translucent door.
  3151 | D:2      | Noticed Crazy Yiuf
  3485 | D:3      | Noticed a kobold brigand
  3498 | D:3      | Killed a kobold brigand
  3499 | D:3      | Reached skill level 5 in Long Blades
  3499 | D:3      | Reached XP level 5. HP: 28/47 MP: 4/4
  3552 | D:3      | Reached skill level 1 in Polearms
  3575 | D:3      | Slain by a kobold brigand

Illustrated notes

Levels and vault maps discovered:
D:1:      sevenhm_arrival_forest_fort_large_4, layout_loops_corners,
          serial_glass, glass_columns_c, glass_columns_b, glass_columns_b,
          glass_columns_a, glass_columns_a, glass_columns_a
D:2:      layout_rooms, kennysheep_cluttered_room, kennysheep_generic_room_9,
          uniq_robin, uniq_crazy_yiuf_cottage
D:3:      cheibrodos_thug_alley, layout_rooms,
          shapermc_ecumenical_altar_hornbeckon

Skill      XL: |  1  2  3  4  5 |
---------------+----------------+-----
Long Blades    | 4 5 |  5.0
Fighting       | 4 |  4.7
Armour         | 4 |  4.0
Polearms       | 1 |  1.0
Dodging        | |  2.9
Stealth        | |  0.5

Action                   |  1- 3 |  4- 6 || total
-------------------------+-------+-------++-------
Melee: Falchion          |    95 |       ||    95
       Headbutt          |    16 |     6 ||    22
       Spear             |     6 |    48 ||    54
       Punch             |     2 |       ||     2
Throw: Dart              |       |     3 ||     3
 Stab: Sleeping          |     1 |       ||     1
Armor: Animal skin       |     9 |       ||     9
       Chain mail        |    39 |    28 ||    67
Dodge: Dodged            |    71 |    17 ||    88

Table legend: (Time is in decaauts)
 A = Elapsed time spent in this place.
 B = Non-inter-level travel time spent in this place.
 C = Inter-level travel time spent in this place.
 D = Time resting spent in this place.
 E = Time spent auto-exploring this place.
 F = Levels seen in this place.
 G = Mean time per level.
                   A        B        C        D        E       F      G
               +--------+--------+--------+--------+--------+-----+--------+
         Total |   3593 |   3461 |    132 |   1131 |    906 |   3 | 1197.7 |
       Dungeon |   3593 |   3461 |    132 |   1131 |    906 |   3 | 1197.7 |
               +--------+--------+--------+--------+--------+-----+--------+

Top non-repeatable levels by time:
     D:1: 1981 daAuts
     D:2: 1474 daAuts
     D:3: 137 daAuts
